 Dungeon Crawl Stone Soup version 0.26-a0-639-g72c4674329 (webtiles) character file.

Game seed: 820287243946602938

1267 Colgate the Gouger (level 8, -3/32 HPs)
             Began as a Felid Transmuter on Sept 20, 2020.
             Was a Believer of Qazlal.
             Slain by an iguana (5 damage)
             ... on level 6 of the Dungeon.
             The game lasted 00:56:14 (10422 turns).

Colgate the Gouger (Felid Transmuter)              Turns: 10422, Time: 00:56:15

Health: -3/32      AC:  2    Str:  6    XL:     8   Next: 28%
Magic:  12/12      EV: 16    Int: 17    God:    Qazlal [**....]
Gold:   32         SH:  7    Dex: 22    Spells: 8/11 levels left
                                        Lives:  0   Deaths: 2

rFire    . . .     SeeInvis +     - Unarmed
rCold    . . .     Faith    .   (shield unavailable)
rNeg     . . .     Spirit   .   (armour unavailable)
rPois    +         Reflect  +   (helmet unavailable)
rElec    .         Harm     .   (cloak unavailable)
rCorr    .         Rampage  .   (gloves unavailable)
MR       +....                  (boots unavailable)
Stlth    ++........             n - amulet of reflection
HPRegen  0.10/turn              a - ring of poison resistance
MPRegen  0.13/turn              h - +6 ring of dexterity

@: appendages (expiring), heavily drained, quick
A: very small, no armour, no weapons or thrown items, stealth, claws 1, fangs 3,
horns 2, see invisible, speed 1, shaggy fur 2, sharp paws
a: End Transformation, Upheaval, Renounce Religion


You were on level 6 of the Dungeon.
You worshipped Qazlal.
Qazlal was pleased with you.
You had grown temporary horns.
You visited 1 branch of the dungeon, and saw 7 of its levels.

You collected 332 gold pieces.
You spent 300 gold pieces at shops.

Inventory:

Jewellery
 a - a ring of poison resistance (left paw)
 h - a +6 ring of dexterity (right paw)
 n - an amulet of reflection (around neck)
Wands
 q - a wand of iceblast (4)
Scrolls
 b - 2 scrolls of blinking
 d - 4 scrolls of identify
 g - a scroll of fog {unknown}
 j - 4 scrolls of immolation {unknown}
 k - 3 scrolls of teleportation
 l - a scroll of enchant weapon {unknown}
 m - a scroll of remove curse {unknown}
 p - a scroll of fear {unknown}
Potions
 c - a potion of brilliance
 f - 2 potions of stabbing
 o - a potion of flight


   Skills:
 - Level 1.0(0.0) Fighting
 - Level 2.6(0.5) Dodging
 - Level 1.0(0.0) Stealth
 - Level 11.0(8.3) Unarmed Combat
 - Level 2.0(0.0) Spellcasting
 + Level 3.8(1.6) Transmutations


You had 8 spell levels left.
You knew the following spells:

 Your Spells              Type           Power        Failure   Level
a - Beastly Appendage     Tmut           #.....       12%         1
b - Wereblood             Tmut           #.......     19%         2

Your spell library contained the following spells:

 Spells                   Type           Power        Failure   Level
 Spider Form              Tmut/Pois      #.........   45%         3
 Ice Form                 Ice/Tmut       #.......     86%         4
 Blade Hands              Tmut           #.........   98%         5


Dungeon Overview and Level Annotations

Branches:
Dungeon (7/15)             Temple (0/1) D:4

Altars:
Makhleb
Qazlal
Trog
Vehumet

Shops:
D:4 *=

Annotations:
D:6 Edmund


Innate Abilities, Weirdness & Mutations

You cannot wear armour.
You are incapable of wielding weapons or throwing items.
Your paws allow you to move quietly. (Stealth)
You have sharp claws.
You have razor-sharp teeth.
You have supernaturally acute eyesight. (SInv)
You cover ground quickly.
You are covered in thick fur. (AC +2)
Your sharp claws are effective at attacking unaware monsters.
You have a pair of horns on your head.


Message History

The iguana is heavily wounded.
The iguana barely misses you.
You scratch the iguana.
You headbutt the iguana, but do no damage.
Your bite misses the iguana.
The iguana is heavily wounded.
Your transformation is almost over.
You block the iguana's attack. Edmund barely misses you.
You scratch the iguana.
The iguana is severely wounded.
You block the iguana's attack.
You closely miss the iguana. Your headbutt misses the iguana.
You bite the iguana, but do no damage.
The iguana is severely wounded.
Edmund hits you with a +0 flail of draining!
* * * LOW HITPOINT WARNING * * *
You feel drained.
* * * LOW HITPOINT WARNING * * *
The iguana bites you.
You die...

##.....#####... ###
###....)@..... .. ..
##.@#####... ...###### ##.#
#......(5 #.#### #....(.).
#....##### #.o##[...
####)#...# ........
#######.>...#######...........
#......)...g@@l..........P..##
#.########.########..#'####+
#.# #.# # #.. #.# #.#
#.####### ..## #.#
#g#.....##...# #.#
##............# #.#
###............# #.#
#..............#


You could see Edmund (slow), an iguana and a goblin.

Vanquished Creatures
  A sky beast (D:3)
  A phantom (D:5)
  A necrophage (D:5)
  3 ogres
  A black bear (D:6)
  A centaur (D:5)
  A bullfrog (D:6)
  2 scorpions
  A centaur zombie (D:5)
  A hound (D:5)
  3 orc priests
  A centaur skeleton (D:4)
  A jelly (D:5)
  7 orc wizards
  A bullfrog skeleton (D:4)
  An iguana (D:4)
  3 worker ants
  A hound zombie (D:6)
  A gnoll (D:6)
  10 adders
  A howler monkey skeleton (D:4)
  A white imp (D:6)
  3 oozes
  5 worms
  2 leopard geckos
  27 orcs
  8 bats
  5 giant cockroaches
  9 goblins
  6 hobgoblins
  8 jackals
  10 kobolds
  6 quokkas
  2 ball pythons
  4 frilled lizards
  A jackal skeleton (D:4)
  A leopard gecko zombie (D:5)
  A quokka skeleton (D:5)
  7 rats
149 creatures vanquished.

Vanquished Creatures (others)
  3 plants (D:6)
3 creatures vanquished.

Grand Total: 152 creatures vanquished

Notes
Turn   | Place    | Note
-------+----------+-------------------------------------------
     0 | D:1      | Colgate the Felid Transmuter began the quest for the Orb.
     0 | D:1      | Reached XP level 1. HP: 9/9 MP: 4/4
   187 | D:1      | Reached XP level 2. HP: 6/12 MP: 4/6
   216 | D:1      | Learned a level 2 spell: Wereblood
   849 | D:1      | Reached skill level 4 in Unarmed Combat
  1028 | D:1      | Reached skill level 1 in Stealth
  1284 | D:2      | Reached XP level 3. HP: 15/15 MP: 4/7
  1337 | D:2      | Found a stormy altar of Qazlal.
  1352 | D:2      | Became a worshipper of Qazlal Stormbringer
  1430 | D:2      | Noticed a centaur
  2447 | D:2      | Found a burning altar of Makhleb.
  2461 | D:2      | Reached XP level 4. HP: 7/19 MP: 5/8
  2715 | D:2      | Reached skill level 5 in Unarmed Combat
  2895 | D:2      | Shot with an arrow by a centaur
  2896 | D:2      | Reached XP level 3. HP: -5/15 MP: 7/7
  3306 | D:3      | Reached XP level 4. HP: 11/19 MP: 5/8
  3496 | D:3      | Noticed a sky beast
  3503 | D:3      | Killed a sky beast
  3503 | D:3      | Reached skill level 6 in Unarmed Combat
  3503 | D:3      | Reached XP level 5. HP: 7/22 MP: 6/9
  4816 | D:4      | Reached skill level 7 in Unarmed Combat
  4816 | D:4      | Gained mutation: You are covered in thick fur. (AC +2)
                  | [Felid growth]
  4816 | D:4      | Reached XP level 6. HP: 20/25 MP: 8/10
  5601 | D:4      | Found Koaher's Jewellery Boutique.
  5641 | D:4      | Found a bloodstained altar of Trog.
  5672 | D:4      | Found a staircase to the Ecumenical Temple.
  5703 | D:4      | Found Buenoosh's Assorted Antiques.
  5763 | D:4      | Bought an uncursed amulet of reflection for 300 gold pieces
  5941 | D:4      | Reached * piety under Qazlal
  6256 | D:4      | Reached XP level 7. HP: 24/28 MP: 8/11
  7049 | D:5      | Entered Level 5 of the Dungeon
  7099 | D:5      | Reached skill level 8 in Unarmed Combat
  7562 | D:5      | Shot with an arrow by a centaur
  7563 | D:5      | Reached XP level 6. HP: -11/25 MP: 10/10
  7636 | D:5      | Reached skill level 9 in Unarmed Combat
  8086 | D:5      | Reached XP level 7. HP: 19/27 MP: 11/11
  9036 | D:5      | Reached skill level 10 in Unarmed Combat
  9714 | D:6      | Reached XP level 8. HP: 20/31 MP: 10/12
 10031 | D:6      | Noticed Edmund
 10204 | D:5      | Reached skill level 11 in Unarmed Combat
 10244 | D:6      | Found a radiant altar of Vehumet.
 10260 | D:6      | Reached ** piety under Qazlal
 10306 | D:6      | You fall into a shaft and drop 1 floor!
 10422 | D:6      | Slain by an iguana

Illustrated notes

Levels and vault maps discovered:
D:1:      lightli_molten_gateway, layout_loops_cross
D:2:      layout_loops_ring, lemuel_coloured_pillars_altar, lemuel_crystal_altar
D:3:      layout_basic
D:4:      layout_basic, lemuel_round_altar, minmay_temple_entry_glass,
          serial_shops, shop_coins, shop
D:5:      layout_loops_ring
D:6:      corexii_shantytown, layout_rooms, lemuel_round_altar,
          kiku_gazebo_pond_becter, minmay_ogre_servants, uniq_edmund,
          uniq_eustachio
D:7:      layout_cave_pools, kennysheep_little_box, old_standard_altar,
          gammafunk_temple_overflow_statue, serial_shops, shop, basic_altar,
          uniq_crazy_yiuf_cottage

Skill      XL: |  1  2  3  4  5  6  7  8 |
---------------+-------------------------+-----
Unarmed Combat | 4 6 7 9 10 11 | 11.0
Stealth        | 1 |  1.0
Transmutations | 3 |  3.8
Fighting       | |  1.0
Dodging        | |  2.6
Spellcasting   | |  2.0

Action                   |  1- 3 |  4- 6 |  7- 9 || total
-------------------------+-------+-------+-------++-------
Melee: Unarmed           |   135 |   147 |   179 ||   461
       Headbutt          |    15 |    29 |    34 ||    78
       Bite              |     8 |     8 |    16 ||    32
       Punch             |     2 |     2 |     6 ||    10
 Cast: Beastly Appendage |    38 |    58 |    32 ||   128
       Wereblood         |     6 |    10 |     9 ||    25
  Use: Potion            |       |     3 |     4 ||     7
       Scroll            |       |       |     6 ||     6
 Stab: Sleeping          |     3 |     4 |       ||     7
Armor: Skin              |    12 |     4 |    11 ||    27
Dodge: Dodged            |   111 |    73 |    84 ||   268
Block: Other             |       |     3 |    47 ||    50
       Reflection        |       |       |     6 ||     6

Table legend: (Time is in decaauts)
 A = Elapsed time spent in this place.
 B = Non-inter-level travel time spent in this place.
 C = Inter-level travel time spent in this place.
 D = Time resting spent in this place.
 E = Time spent auto-exploring this place.
 F = Levels seen in this place.
 G = Mean time per level.
                   A        B        C        D        E       F      G
               +--------+--------+--------+--------+--------+-----+--------+
         Total |   9344 |   8314 |   1030 |    998 |   5788 |   7 | 1334.9 |
       Dungeon |   9344 |   8314 |   1030 |    998 |   5788 |   7 | 1334.9 |
               +--------+--------+--------+--------+--------+-----+--------+

Top non-repeatable levels by time:
     D:2: 2079 daAuts
     D:5: 1875 daAuts
     D:1: 1789 daAuts
     D:3: 1762 daAuts
     D:4: 1570 daAuts
     D:6: 261 daAuts
     D:7: 6 daAuts
